Map: Deathaura LE

Players

goblin - Winner!

  • Race: Protoss Protoss
  • League: Grandmaster
  • Spawn Location: 5:00

Kas

  • Race: Terran Terran
  • League: Grandmaster
  • Spawn Location: 11:00

VOD

Have the link to the VOD?

Description

Time

  • Played on: Sept. 30, 2020, 3:27 p.m.
  • Length: 27:19
Show
View Real Time Build Order
Export as new Build Order

goblin Protoss - Winner!

Build Orders: 1 Gate Expand, Phoenix Opening, Carriers, Colossus Rush 

Get SALT Encoding   

  12  0:00  Probe  
  13  0:12  Probe  
  14  0:18  Pylon  
  14  0:25  Probe (Chrono Boost)  
  15  0:35  Pylon  
  15  0:37  Probe (Chrono Boost)  
  16  0:45  Probe (Chrono Boost)  
  17  0:51  Probe  
  17  0:53  Gateway  
  18  0:58  Assimilator  
  18  1:03  Probe  
  19  1:15  Probe  
  20  1:32  Nexus  
  20  1:39  Zealot (Chrono Boost)  
  22  1:49  Cybernetics Core  
  22  1:53  Probe  
  23  1:58  Zealot (Chrono Boost)  
  25  2:03  Assimilator  
  25  2:06  Probe  
  26  2:21  Probe  
  27  2:28  Stalker (Chrono Boost)  
  27  2:30  Gateway  
  27  2:33  Probe  
  28  2:40  Pylon  
  28  2:47  Probe (Chrono Boost)  
  28  2:50  Probe (Chrono Boost)  
  28  2:54  Stalker  
  31  3:00  Probe (Chrono Boost)  
  31  3:01  Probe (Chrono Boost)  
  32  3:09  Stargate  
  32  3:12  Probe  
  32  3:14  Probe  
  32  3:24  Probe  
  32  3:26  Probe  
  34  3:28  Stalker  
  36  3:35  Warp Gate  
  36  3:36  Probe  
  36  3:38  Probe  
  38  3:50  Probe (Chrono Boost)  
  38  3:52  Phoenix  
  38  3:53  Probe (Chrono Boost)  
  40  4:00  Probe (Chrono Boost)  
  41  4:04  Probe (Chrono Boost)  
  41  4:05  Probe (Chrono Boost)  
  43  4:10  Robotics Facility  
  43  4:15  Probe  
  44  4:17  Probe, Phoenix  
  47  4:24  Pylon  
  47  4:27  Probe  
  48  4:33  Nexus  
  48  4:37  Probe  
  49  4:39  Probe  
  49  4:42  Phoenix  
  52  4:52  Gateway  
  52  4:53  Assimilator  
  52  4:54  Gateway  
  52  4:55  Assimilator  
  52  4:56  Probe  
  52  4:57  Probe  
  54  5:05  Robotics Bay, Observer (Chrono Boost)  
  55  5:14  Probe  
  55  5:17  Pylon  
  56  5:24  Observer (Chrono Boost)  
  56  5:25  Probe  
  58  5:28  Probe  
  59  5:38  Probe (Chrono Boost), Observer (Chrono Boost)  
  59  5:40  Shield Battery  
  59  5:42  Pylon  
  62  5:43  Probe (Chrono Boost)  
  62  5:45  Phoenix  
  62  5:47  Probe (Chrono Boost)  
  66  5:50  Probe (Chrono Boost)  
  66  5:52  Shield Battery, Colossus (Chrono Boost)  
  66  5:55  Pylon  
  74  5:57  Probe x2 (Chrono Boost)  
  74  5:58  Probe (Chrono Boost)  
  75  6:08  Probe x3  
  75  6:10  Phoenix  
  80  6:18  Extended Thermal Lance  
  80  6:20  Probe x2  
  80  6:24  Probe  
  83  6:30  Assimilator  
  83  6:31  Assimilator  
  83  6:32  Probe x2, Pylon  
  85  6:33  Colossus (Chrono Boost)  
  85  6:39  Zealot x4  
  99  6:42  Pylon  
  99  6:46  Phoenix  
  101  7:02  Pylon  
  101  7:04  Pylon  
  101  7:09  Shield Battery  
  101  7:10  Shield Battery  
  100  7:16  Phoenix  
  100  7:17  Colossus (Chrono Boost)  
  108  7:27  Zealot x3  
  114  7:31  Forge  
  114  7:32  Pylon  
  114  7:33  Twilight Council  
  106  7:55  Probe x2  
  106  7:57  Protoss Ground Armor Level 1 (Chrono Boost)  
  106  8:00  Colossus (Chrono Boost)  
  112  8:07  Forge  
  112  8:08  Gateway  
  112  8:10  Gateway  
  112  8:11  Gateway  
  112  8:13  Charge, Gateway, Observer  
  112  8:14  Observer  
  112  8:15  Zealot x3  
  112  8:18  Gateway  
  118  8:25  Pylon  
  118  8:30  Photon Cannon  
  118  8:31  Photon Cannon  
  118  8:32  Pylon  
  118  8:33  Shield Battery  
  118  8:35  Protoss Ground Weapons Level 1 (Chrono Boost)  
  118  8:38  Disruptor (Chrono Boost)  
  121  8:44  Nexus  
  121  8:46  Probe  
  121  8:47  Probe x2  
  124  8:51  Sentry x2  
  128  8:59  Probe  
  129  9:04  Probe  
  129  9:05  Probe  
  129  9:09  Protoss Air Weapons Level 1  
  131  9:11  Probe  
  131  9:12  Pylon  
  131  9:14  Disruptor (Chrono Boost)  
  131  9:17  Probe  
  136  9:18  Robotics Facility  
  136  9:19  Observer  
  136  9:21  Gateway x2  
  136  9:22  Pylon  
  136  9:24  Probe x2  
  137  9:28  Photon Cannon  
  137  9:29  Probe  
  139  9:31  Dark Shrine  
  139  9:36  Probe  
  140  9:47  Gravitic Drive  
  140  9:48  Protoss Ground Armor Level 2 (Chrono Boost)  
  140  9:52  Disruptor (Chrono Boost)  
  143  9:54  Blink  
  143  10:01  Assimilator  
  143  10:02  Probe x3, Assimilator  
  143  10:04  Disruptor (Chrono Boost)  
  149  10:19  Disruptor (Chrono Boost)  
  152  10:23  Protoss Ground Weapons Level 2 (Chrono Boost)  
  152  10:29  Stalker x4  
  152  10:30  Stalker  
  152  10:31  Stalker x2, Pylon  
  152  10:32  Disruptor  
  152  10:34  Pylon  
  152  10:35  Pylon  
  169  10:40  Pylon  
  169  10:43  Shadow Stride (Chrono Boost)  
  169  10:50  Pylon  
  169  10:51  Warp Prism  
  169  10:56  Shield Battery  
  171  10:57  Shield Battery  
  171  10:58  Pylon  
  171  11:02  Zealot x7  
  171  11:03  Dark Templar  
  187  11:10  Observer  
  187  11:16  Observer  
  188  11:20  Pylon  
  188  11:27  Nexus  
  188  11:30  Pylon  
  188  11:39  Pylon  
  188  11:48  Stalker  
  188  11:49  Stalker x5  
  188  11:51  Pylon  
  200  11:55  Pylon  
  200  11:59  Pylon  
  198  12:15  Shield Battery  
  198  12:17  Shield Battery, Protoss Ground Armor Level 3 (Chrono Boost)  
  198  12:22  Pylon  
  198  12:24  Gateway  
  198  12:25  Gateway  
  185  12:34  Disruptor x2 (Chrono Boost)  
  143  12:52  Dark Templar  
  143  12:53  Dark Templar x3  
  143  12:54  Dark Templar x5  
  161  13:00  Observer, Disruptor (Chrono Boost)  
  161  13:01  Protoss Ground Weapons Level 3 (Chrono Boost), Observer  
  167  13:09  Disruptor (Chrono Boost)  
  167  13:11  Nexus  
  167  13:12  Pylon  
  167  13:14  Photon Cannon  
  167  13:15  Photon Cannon  
  167  13:17  Shield Battery  
  167  13:18  Pylon  
  167  13:25  Disruptor (Chrono Boost)  
  168  13:38  Disruptor (Chrono Boost)  
  168  13:40  Stalker x5  
  168  13:41  Stalker  
  177  13:44  Pylon, Nexus  
  177  13:47  Shield Battery x2  
  178  13:48  Probe  
  178  13:49  Probe x2, Shield Battery  
  178  13:51  Disruptor (Chrono Boost)  
  183  14:04  Disruptor (Chrono Boost)  
  180  14:10  Pylon  
  180  14:16  Pylon  
  166  14:19  Warp Prism  
  158  14:42  Assimilator x2  
  158  14:43  Pylon  
  158  14:50  Stalker x2  
  158  14:51  Stalker x5  
  172  14:56  Protoss Shields Level 1 (Chrono Boost)  
  172  14:59  Stargate  
  172  15:00  Gateway  
  172  15:03  Gateway  
  172  15:06  Pylon  
  172  15:07  Fleet Beacon  
  172  15:13  Pylon  
  172  15:16  Observer (Chrono Boost)  
  172  15:20  Dark Templar x3  
  172  15:21  Dark Templar x5  
  185  15:22  Zealot x3  
  185  15:24  Assimilator  
  185  15:25  Assimilator, Observer (Chrono Boost)  
  196  15:33  Observer (Chrono Boost)  
  197  15:37  Observer (Chrono Boost)  
  198  15:51  Photon Cannon  
  198  15:52  Photon Cannon  
  198  15:54  Shield Battery  
  198  16:05  Photon Cannon  
  194  16:19  Observer  
  187  16:35  Stalker  
  187  16:36  Stalker  
  191  16:41  Pylon  
  191  16:46  Stargate  
  191  16:50  Stargate  
  191  17:00  Dark Templar x3  
  191  17:01  Dark Templar x2  
  183  17:17  Carrier  
  183  17:18  Carrier  
  183  17:20  Observer  
  195  17:24  Probe  
  195  17:27  Protoss Shields Level 2 (Chrono Boost)  
  196  17:32  Photon Cannon  
  196  17:33  Probe  
  196  17:36  Nexus  
  195  17:38  Pylon  
  195  17:40  Observer  
  195  17:42  Protoss Air Weapons Level 2 (Chrono Boost)  
  195  17:43  Photon Cannon  
  195  17:44  Photon Cannon  
  195  18:07  Gravitic Boosters (Chrono Boost)  
  176  18:28  Stalker x4  
  163  18:43  Zealot x3  
  163  18:47  Disruptor (Chrono Boost)  
  163  18:48  Stalker x4  
  151  18:49  Stalker x3  
  151  18:55  Carrier x2 (Chrono Boost)  
  159  18:57  Disruptor (Chrono Boost)  
  159  18:58  Carrier (Chrono Boost)  
  173  19:05  Carrier (Chrono Boost)  
  173  19:07  Probe  
  178  19:19  Stalker x5  
  178  19:21  Unknown  
  188  19:25  Unknown  
  188  19:27  Pylon  
  188  19:34  Photon Cannon  
  188  19:40  Photon Cannon  
  188  19:41  Photon Cannon  
  188  19:42  Pylon  
  173  19:54  Stalker x4  
  173  19:55  Stalker x4, Carrier x2 (Chrono Boost)  
  173  19:56  Carrier (Chrono Boost)  
  173  19:58  Shield Battery  
  194  20:01  Disruptor x2 (Chrono Boost)  
  194  20:04  Observer  
  194  20:06  Observer  
  198  20:15  Protoss Air Weapons Level 3 (Chrono Boost)  
  194  20:30  Observer x2 (Chrono Boost)  
  191  20:48  Disruptor x2 (Chrono Boost)  
  191  20:49  Pylon  
  195  20:58  Protoss Shields Level 3 (Chrono Boost)  
  179  21:13  Disruptor x2 (Chrono Boost)  
  179  21:14  Shield Battery  
  179  21:16  Shield Battery, Dark Templar x2  
  179  21:17  Shield Battery  
  179  21:18  Carrier (Chrono Boost), Dark Templar  
  191  21:19  Shield Battery  
  191  21:21  Photon Cannon  
  191  21:22  Photon Cannon  
  195  21:43  Observer  
  191  22:04  Observer (Chrono Boost)  
  193  22:10  Observer (Chrono Boost)  
  193  22:12  Dark Templar x3  
  197  22:26  Dark Templar x4  
  191  22:31  Dark Templar  
  191  22:32  Zealot, Dark Templar x3  
  200  22:56  Disruptor x2 (Chrono Boost)  
  200  22:58  Observer  
  197  23:00  Protoss Air Armor Level 1 (Chrono Boost)  
  185  23:09  Pylon, Dark Templar x3  
  185  23:10  Pylon, Dark Templar x4  
  199  23:29  Observer  
  200  23:35  Observer  
  198  23:49  Shield Battery  
  198  23:50  Photon Cannon  
  198  23:52  Photon Cannon  
  198  23:53  Shield Battery  
  198  23:54  Shield Battery  
  198  23:55  Photon Cannon  
  198  24:02  Observer  
  198  24:11  Observer  
  198  24:23  Photon Cannon  
  198  24:27  Photon Cannon  
  198  24:28  Photon Cannon  
  198  24:30  Photon Cannon  
  198  24:31  Photon Cannon  
  198  24:32  Shield Battery  
  198  24:35  Shield Battery  
  198  24:38  Observer  
  198  24:53  Gateway  
  198  24:55  Pylon  
  198  24:56  Gateway  
  198  24:57  Gateway  
  198  25:01  Shield Battery  
  198  25:02  Shield Battery  
  198  25:03  Shield Battery  
  198  25:04  Shield Battery  
  198  25:05  Photon Cannon  
  198  25:07  Photon Cannon  
  198  25:09  Shield Battery  
  198  25:10  Pylon  
  198  25:15  Disruptor  
  200  25:26  Stalker  
  188  25:52  Carrier x4 (Chrono Boost)  
  192  26:26  Disruptor (Chrono Boost)  
  192  26:27  Disruptor (Chrono Boost)  
  198  26:36  Pylon, Nexus  
  198  26:37  Assimilator  
  198  26:39  Pylon, Assimilator  
  196  27:05  Dark Templar x4  
Show
View Real Time Build Order
Export as new Build Order

Kas Terran 

Build Orders: Reaper Expand 

Get SALT Encoding   

  12  0:00  SCV  
  13  0:12  SCV  
  14  0:17  Supply Depot  
  14  0:24  SCV  
  15  0:38  SCV  
  15  0:40  Barracks  
  16  0:44  Refinery  
  16  0:50  SCV  
  17  1:02  SCV  
  18  1:15  SCV  
  19  1:27  Reaper, Orbital Command  
  20  1:48  Command Center  
  20  1:53  Supply Depot  
  20  1:54  SCV  
  21  1:59  Marine  
  22  2:07  Bunker  
  22  2:12  SCV  
  23  2:17  Marine  
  24  2:27  SCV, Factory  
  25  2:35  Marine  
  26  2:41  SCV  
  26  2:52  Refinery  
  26  2:53  SCV  
  26  2:55  Barracks Reactor  
  27  3:09  SCV  
  27  3:11  Starport  
  30  3:12  Widow Mine  
  30  3:20  Orbital Command  
  30  3:24  SCV  
  31  3:31  Marine x2  
  33  3:34  Factory Tech Lab  
  33  3:36  SCV  
  34  3:46  SCV  
  35  3:48  SCV  
  35  3:49  Marine x2  
  37  3:58  SCV, Raven  
  37  4:00  Factory Tech Lab  
  40  4:03  SCV, Barracks  
  40  4:04  Barracks  
  40  4:07  Supply Depot  
  40  4:08  Marine  
  40  4:09  Marine  
  43  4:10  SCV  
  43  4:15  SCV  
  45  4:18  Engineering Bay  
  45  4:22  SCV  
  46  4:28  SCV, Refinery  
  47  4:33  Marine  
  47  4:34  SCV, Marine  
  50  4:41  Factory Reactor  
  50  4:42  SCV  
  50  4:45  Terran Infantry Weapons Level 1  
  50  4:46  SCV  
  50  4:50  Starport Reactor  
  51  4:54  SCV  
  51  4:57  Missile Turret  
  51  4:58  SCV  
  53  5:01  Stimpack, Missile Turret  
  53  5:02  Marine  
  54  5:08  Supply Depot  
  54  5:10  SCV, Marine x3  
  54  5:13  Combat Shield  
  54  5:14  SCV  
  61  5:21  Widow Mine  
  61  5:22  SCV, Refinery  
  61  5:27  SCV, Supply Depot  
  62  5:30  Widow Mine  
  62  5:33  Marauder  
  62  5:34  SCV, Marauder, Marine  
  70  5:40  Supply Depot  
  70  5:41  Supply Depot  
  70  5:48  SCV, Marine  
  72  5:50  Medivac  
  72  5:53  Widow Mine x2  
  78  6:01  Medivac, Marauder  
  78  6:02  SCV  
  83  6:09  SCV  
  83  6:10  Marauder  
  86  6:14  SCV  
  86  6:15  Supply Depot  
  87  6:21  SCV, Marine x2  
  87  6:22  Supply Depot  
  87  6:23  Marauder  
  92  6:28  SCV  
  92  6:32  Concussive Shells  
  93  6:33  SCV  
  93  6:37  Medivac x2, Marauder  
  100  6:42  Supply Depot  
  100  6:43  Terran Infantry Armor Level 1  
  100  6:47  Marauder, Marine x2  
  101  6:54  SCV  
  100  7:08  SCV x2  
  102  7:11  Command Center  
  99  7:22  SCV  
  99  7:23  SCV  
  99  7:26  Barracks x2  
  96  7:31  Marauder x2  
  90  7:42  Marine x2  
  92  7:47  Viking x2  
  92  7:48  Widow Mine x2  
  95  7:51  SCV x2  
  95  7:52  Marine  
  96  8:02  Marauder, Marine  
  96  8:03  Marine  
  98  8:07  SCV  
  98  8:10  Marauder  
  101  8:18  Barracks Reactor, Barracks Tech Lab  
  101  8:20  Viking x2, Marine x2  
  101  8:23  Widow Mine x2  
  101  8:25  Orbital Command  
  101  8:27  SCV x2, Missile Turret  
  113  8:37  Marauder x2  
  113  8:39  SCV x2  
  119  8:42  Marauder, Ghost Academy  
  119  8:45  Refinery, Marine x2  
  123  8:51  SCV  
  123  8:52  SCV  
  125  8:58  Marauder x2  
  125  9:01  SCV  
  128  9:03  Marauder  
  128  9:07  Armory  
  128  9:08  Viking, Engineering Bay  
  128  9:09  Marine  
  133  9:13  Command Center  
  133  9:21  SCV, Marine  
  133  9:24  Starport  
  133  9:26  Missile Turret  
  133  9:37  Supply Depot  
  133  9:38  Marine x3  
  133  9:39  Viking, Supply Depot, Marauder, SCV  
  133  9:40  Supply Depot  
  133  9:41  Refinery  
  141  9:53  Supply Depot x2  
  141  9:54  Terran Infantry Weapons Level 2  
  141  9:55  Terran Infantry Armor Level 2  
  141  9:57  Terran Ship Weapons Level 1  
  141  9:59  Viking, SCV x2, Marauder  
  147  10:00  Ghost  
  147  10:01  Ghost  
  147  10:02  Marine x2  
  147  10:03  Marine x2  
  147  10:06  Viking  
  157  10:08  Viking  
  157  10:12  Viking  
  160  10:18  Supply Depot  
  160  10:19  Marine x2  
  160  10:21  Marauder, Marine  
  164  10:25  Enhanced Shockwaves  
  165  10:33  SCV  
  166  10:36  Missile Turret  
  166  10:37  Marauder  
  166  10:42  Barracks  
  167  10:43  Barracks  
  167  10:44  Marauder x2, Marine  
  167  10:45  Barracks  
  167  10:48  SCV  
  173  10:50  Marine  
  173  10:51  Marine  
  173  10:52  Missile Turret  
  173  10:53  Marine  
  176  10:57  Marine  
  176  11:01  Planetary Fortress  
  177  11:06  Marauder  
  177  11:07  Marine  
  177  11:10  Marauder  
  177  11:11  Marine x2  
  184  11:16  Marauder  
  186  11:28  Bunker, Marine x2  
  186  11:31  Barracks Reactor x2  
  188  11:33  Barracks Tech Lab  
  188  11:34  Barracks Tech Lab  
  188  11:37  Command Center  
  188  11:41  Sensor Tower  
  188  11:43  Marine x2, Personal Cloaking  
  188  11:44  Sensor Tower  
  188  11:45  Marauder x2  
  188  11:46  Marauder  
  196  11:52  Marine  
  196  12:08  Command Center  
  196  12:09  Terran Ship Weapons Level 2  
  196  12:16  Terran Infantry Weapons Level 3  
  196  12:17  Terran Infantry Armor Level 3  
  154  12:38  Viking x4  
  154  12:44  Marauder x2, Marine x2  
  153  12:45  Marauder x2, Marine x2  
  160  12:54  Command Center  
  160  12:57  Marauder, Marine x2  
  163  13:04  Ghost, Marine x3  
  168  13:08  SCV x2, Viking  
  168  13:11  SCV x2  
  168  13:12  Medivac  
  176  13:18  Medivac  
  176  13:19  Medivac, Ghost x2  
  182  13:24  Orbital Command  
  182  13:27  Marauder x2, Marine x2  
  188  13:28  Marine x2  
  192  13:36  Planetary Fortress  
  192  13:40  Marauder  
  194  13:41  Marine x2  
  194  13:43  Medivac x2  
  200  14:01  Nuke  
  200  14:06  Ghost Academy  
  200  14:07  Ghost Academy  
  186  14:30  SCV x2  
  175  14:33  Bunker  
  175  14:34  Marauder x3  
  175  14:35  Marauder x2, Marine x4  
  175  14:36  Marine x2  
  175  14:37  Medivac x2  
  195  14:40  Orbital Command  
  195  14:42  Nuke  
  195  14:43  Nuke  
  195  14:45  Command Center  
  195  14:47  Command Center  
  195  14:55  Marine  
  195  14:56  Marauder x2  
  200  15:19  Medivac  
  191  15:33  Marine  
  191  15:34  Marauder x3, Marine  
  199  15:40  Marine  
  200  15:44  Command Center  
  200  15:47  Command Center  
  194  16:06  Marauder x2  
  194  16:07  Marauder  
  197  16:25  Ghost  
  186  16:26  Marauder, Marine x3  
  186  16:28  Marauder  
  194  16:32  Ghost  
  194  16:33  Ghost  
  194  16:34  Marine x2  
  198  16:40  Orbital Command  
  198  16:46  Sensor Tower  
  198  16:48  Missile Turret, Command Center, Marine  
  198  16:52  Command Center  
  190  16:58  Marauder x2, Marine x3  
  193  17:05  Missile Turret  
  183  17:15  Marauder x2, Marine x3  
  149  17:16  Marauder, Marine  
  149  17:17  Medivac x3  
  149  17:18  Medivac  
  157  17:25  Refinery, Fusion Core  
  157  17:26  Terran Ship Weapons Level 3, Refinery  
  157  17:27  Marauder, Marine x2  
  157  17:28  Marauder  
  163  17:30  Orbital Command x2  
  163  17:32  Starport  
  163  17:33  Marine x3  
  163  17:34  Marine  
  163  17:36  Marine  
  169  17:37  Marauder x2  
  169  17:40  Planetary Fortress  
  168  17:45  Marine x2  
  168  17:49  Marauder x2  
  168  17:51  Marine x2  
  176  18:03  Nuke  
  176  18:04  Nuke x2  
  169  18:07  Marauder x3  
  169  18:08  Marine x3  
  169  18:09  Medivac  
  169  18:10  Marauder x2  
  169  18:11  Liberator x2  
  155  18:38  Marauder x2, Marine x2  
  150  18:44  Marine  
  150  18:45  Marauder x2, Marine x4  
  140  18:55  Marine, Liberator  
  140  18:56  Liberator  
  140  18:59  Marauder x2  
  140  19:02  Refinery  
  151  19:03  Marauder  
  151  19:04  Refinery  
  151  19:05  Marine x2  
  151  19:06  Marauder x2, Marine x3  
  162  19:11  Starport Reactor  
  162  19:13  Marine  
  163  19:21  Marauder x2  
  163  19:23  Marine x2  
  169  19:30  Marine x2  
  165  19:36  Marauder x2, Command Center, Marine x3  
  172  19:39  Command Center  
  172  19:41  Ghost x2  
  172  19:43  Marine x2  
  177  19:47  Marine  
  177  19:48  Marine  
  161  19:54  Marine x2  
  161  19:56  Marine  
  161  19:57  Marine x2  
  166  20:01  Marine x2  
  166  20:05  Marine x2  
  168  20:10  Marine x2  
  168  20:12  Marine x2  
  171  20:14  Marine  
  171  20:15  Marine  
  171  20:16  Marauder  
  171  20:19  Marine x2  
  177  20:23  Marine x2  
  177  20:28  Marine x2  
  180  20:30  Marine x2  
  180  20:31  Ghost  
  180  20:32  Ghost  
  180  20:37  Marine  
  180  20:40  Ghost  
  180  20:41  Marine  
  180  20:42  Marine  
  183  20:46  Marauder x2  
  175  21:01  Marauder  
  175  21:02  Marauder  
  175  21:03  Marine x6  
  160  21:08  Marauder x2  
  160  21:09  Marine  
  163  21:20  Marine  
  163  21:21  Orbital Command, Marine x5  
  163  21:22  Ghost, Marauder  
  163  21:24  Missile Turret  
  172  21:27  Marine  
  172  21:28  Marine  
  172  21:29  Marine  
  175  21:35  Missile Turret  
  175  21:38  Marine x2  
  175  21:40  Marine x2  
  175  21:44  Marauder  
  175  21:45  Marauder  
  178  21:47  Marauder x2  
  178  21:52  Marauder  
  173  21:57  Liberator x3  
  173  22:00  Marine x2  
  179  22:04  Ghost  
  179  22:07  Marine x2  
  171  22:33  Marauder x3, Marine x2  
  171  22:34  Marine x2  
  171  22:35  Marauder, Liberator  
  138  22:53  Marine  
  125  23:02  Marine x6  
  125  23:03  Marine x4  
  135  23:08  Orbital Command  
  135  23:11  Marine  
  136  23:20  Marine x10  
  136  23:25  Liberator x2  
  136  23:26  Liberator x3  
  149  23:29  Marine  
  150  23:38  Marine  
  144  23:43  Marine  
  135  23:54  Marauder x2, Marine x3  
  142  23:56  Marine x2  
  142  23:57  Marine x2  
  146  24:02  Marine  
  146  24:03  Marine  
  143  24:14  Marine x2  
  134  24:21  Missile Turret  
  134  24:22  Ghost x2, Marine x2  
  140  24:28  Refinery x2, Liberator  
  140  24:31  Marine x4  
  146  24:34  Marine x2  
  146  24:37  Marine  
  150  24:40  Marine x2  
  152  24:48  Marine  
  152  24:49  Marine x2  
  152  24:51  Ghost x2  
  159  24:58  Marine  
  159  24:59  Marine  
  161  25:00  Marine  
  146  25:42  Marauder  
  131  25:52  Orbital Command  
  130  25:57  Marauder x2  
  130  25:58  Marine  
  130  26:03  Marine  
  136  26:05  Marine  
  136  26:11  Marauder  
  139  26:15  Marauder  
  139  26:16  Marine x2  
  139  26:17  Marine x2  
  145  26:19  Marauder  
  145  26:25  Marine x2  
  149  26:30  Marine  
  149  26:32  Marine  
  151  26:44  Marine x2  
Tags
 
Add a new tag
Caveats
  • Supply blocks, unpowered buildings, or Contaminate may cause inaccurate times.
  • Supply counts are checked every 10 seconds.